AoeStats
← purotte^

Nomad

508696896Analyzed
2v2 RM · 7d ago on Sep 23, 2026· 51m 15s· 4 players
Game mode
Random Map
Map size
176×176
Population
200
Speed
Normal
Resources
Standard
Victory
Conquest
Starting age
Dark Age
Ending age
Imperial Age
RankedLock teamsTeams togetherTeam positionsShared explorationLock speedFull tech treeHidden civsTurbo modeCheats
Victory
Defeat
🇨🇿 Ethiopians · Czechia
972
+13
🇨🇿 Franks · Czechia
941
+30
🇪🇸 Cumans · Spain
906
-14
🇪🇸 Byzantines · Spain
905
-13
aSskinho
15:21 Feudal Age
24:09 Fletching
27:48 Horse Collar
36:28 Double-Bit Axe
43:27 Castle Age
42:28 Gold Mining
44:48 Scale Barding Armor
45:05 Bow Saw
45:36 Gold Shaft Mining
49:46 Elite Skirmisher
purotte^
9:56 Loom
14:26 Feudal Age
15:44 Double-Bit Axe
24:02 Castle Age
23:36 Wheelbarrow
24:43 Forging
26:01 Pikeman
28:44 Stone Mining
39:58 Imperial Age
39:29 Ballistics
40:42 Hand Cart
44:57 Gold Mining
Bellygroup
13:22 Feudal Age
13:00 Loom
18:26 Fletching
18:25 Horse Collar
20:59 Padded Archer Armor
23:02 Castle Age
21:07 Double-Bit Axe
25:09 Wheelbarrow
24:46 Bow Saw
24:28 Gold Mining
24:40 Heavy Plow
27:01 Bodkin Arrow
26:37 Crossbowman
29:42 Thumb Ring
32:52 Hand Cart
33:55 Leather Archer Armor
35:35 Stone Mining
39:36 Ballistics
39:13 Murder Holes
43:58 Imperial Age
44:20 Masonry
44:43 Bracer
44:07 Arbalester
44:49 Town Watch
47:10 Conscription
49:52 Chemistry
50:42 Siege Engineers
51:08 Architecture
51:24 Ring Archer Armor
decruthor.bedecz
4:28 Loom
15:31 Feudal Age
16:15 Double-Bit Axe
26:03 Castle Age
25:13 Wheelbarrow
24:35 Gold Mining
26:58 Scale Barding Armor
27:03 Forging
28:48 Husbandry
30:29 Town Watch
36:08 Gold Shaft Mining
35:24 Stone Mining
42:56 Imperial Age
41:42 Hand Cart
44:21 Chain Barding Armor
44:38 Iron Casting
43:24 Cavalier
46:50 Paladin
51:16 Plate Barding Armor
51:55 Blast Furnace
Connection lost

Rejoining the realm…

Still unreachable

The connection could not be restored.

Session expired

The server has moved on; the page needs a fresh start.